 Dungeon Crawl Stone Soup version 0.28.0-47-ge53b351184 (webtiles) character file.

Game seed: 14400677192781542119

261 Zeld the Chopper (level 5, -8/72 HPs)
             Began as a Minotaur Berserker on Apr 28, 2022.
             Was a Believer of Trog.
             Mangled by Zeld's ghost (12 damage)
             ... on level 3 of the Dungeon.
             The game lasted 00:02:26 (3781 turns).

Zeld the Chopper (Minotaur Berserker)               Turns: 3781, Time: 00:02:27

Health: -8/72      AC:  3    Str: 23    XL:     5   Next: 96%
Magic:  4/4        EV: 12    Int:  4    God:    Trog [**....]
Gold:   135        SH:  0    Dex: 10    Spells: 4/4 levels left

rFire   . . .      SeeInvis .   a - +0 war axe
rCold   . . .      Faith    .   (no shield)
rNeg    . . .      Spirit   .   b - +0 animal skin
rPois   .          Reflect  .   (helmet restricted)
rElec   .          Harm     .   (no cloak)
rCorr   .          Rampage  .   (no gloves)
Will    .....                   q - +0 pair of boots
Stlth   ..........              (no amulet)
HPRegen 0.22/turn               (no ring)
MPRegen 0.09/turn               (no ring)

@: berserking (expiring), very quick
A: horns 2, retaliatory headbutt
a: Renounce Religion, Berserk, Trog's Hand


You were on level 3 of the Dungeon.
You worshipped Trog.
Trog was pleased with you.
You visited 1 branch of the dungeon, and saw 3 of its levels.

You collected 135 gold pieces.

Inventory:

Hand Weapons
 a - a +0 war axe (weapon)
Armour
 b - a +0 animal skin (worn)
 q - a +0 pair of boots (worn)
Wands
 g - a wand of mindburst (14)
Scrolls
 c - 4 scrolls of identify {unknown}
 h - a scroll of holy word {unknown}
 i - a scroll of torment {unknown}
Potions
 d - a potion of lignification {unknown}
 e - a potion of degeneration {unknown}
 f - 2 potions of flight {unknown}
 j - a potion of haste {unknown}


   Skills:
 * Level 5.5 Fighting
 * Level 5.5 Axes
 + Level 3.7 Armour
 + Level 3.3 Dodging


You had 4 spell levels left.
You didn't know any spells.
Your spell library was empty.

Dungeon Overview and Level Annotations

Branches:
Dungeon (3/15)

Altars:
Ashenzari

Annotations:
D:3 Zeld's ghost, amateur MiBe


Innate Abilities, Weirdness & Mutations

You have a pair of horns on your head.
You reflexively headbutt those who attack you in melee.


Message History

The bullfrog hits you but does no damage.
You slash the bullfrog!
You kill the bullfrog!
Trog accepts your kill.
Zeld's ghost whispers, "The ORB doesn't exist."
A red film seems to cover your vision as you go berserk!
You feel yourself moving faster!
You feel mighty! Zeld's ghost hits you.
You hit Zeld's ghost.
Zeld's ghost is lightly damaged.
Zeld's ghost misses you.
You closely miss Zeld's ghost. Your headbutt misses Zeld's ghost.
Zeld's ghost is lightly damaged.
Zeld's ghost hits you!
You miss Zeld's ghost.
Zeld's ghost is lightly damaged.
Zeld's ghost hits you!!
You barely miss Zeld's ghost.
Zeld's ghost is lightly damaged.
Zeld's ghost hits you.
You barely miss Zeld's ghost. Your headbutt misses Zeld's ghost.
Zeld's ghost is lightly damaged.
Zeld's ghost hits you!
* * * LOW HITPOINT WARNING * * *
You slash Zeld's ghost!
Zeld's ghost is lightly damaged.
Zeld's ghost hits you!
* * * LOW HITPOINT WARNING * * *
Unknown command.
You slash Zeld's ghost!
Zeld's ghost is heavily damaged.
Unknown command.
You slash Zeld's ghost!
Zeld's ghost is severely damaged.
Zeld's ghost hits you!
* * * LOW HITPOINT WARNING * * *
Unknown command.
You hit Zeld's ghost.
Zeld's ghost is almost destroyed.
Zeld's ghost hits you!
You die...

######### #.......# #######
#.<.....# ##.....##
#[......#
##.....########.....#
#.....@W≈≈≈≈(≈#.....#
#......########.....#
####.........##........#
#............##........#
#............##........#
#......................#
####............###########
##...............# ####...#
#[.##............###......#


You could see Zeld's ghost.

Vanquished Creatures
  A bullfrog (D:3)
  An orc wizard (D:3)
  3 gnolls (D:3)
  6 adders
  A worm (D:3)
  A dart slug (D:3)
  11 orcs
  5 ball pythons
  4 endoplasms
  12 goblins
  4 hobgoblins
  2 jackals (D:2)
  3 kobolds
  3 quokkas
  10 bats
  2 frilled lizards (D:2)
  7 rats
76 creatures vanquished.

Vanquished Creatures (others)
  6 plants (D:2)
6 creatures vanquished.

Grand Total: 82 creatures vanquished

Notes
Turn   | Place    | Note
-------+----------+-------------------------------------------
     0 | D:1      | Zeld the Minotaur Berserker began the quest for the Orb.
     0 | D:1      | Reached XP level 1. HP: 19/19 MP: 0/0
   427 | D:1      | Reached XP level 2. HP: 24/27 MP: 1/1
   684 | D:1      | Found a faded altar of an unknown god.
  1138 | D:2      | Reached ** piety under Trog
  1144 | D:2      | Reached XP level 3. HP: 31/33 MP: 2/2
  1957 | D:2      | Found a broken altar of Ashenzari.
  2189 | D:3      | Found a runed translucent door.
  2219 | D:3      | Reached XP level 4. HP: 35/41 MP: 3/3
  2732 | D:3      | HP: 2/41 [something (3)]
  3155 | D:3      | Reached skill level 5 in Axes
  3155 | D:3      | Reached XP level 5. HP: 16/47 MP: 4/4
  3386 | D:3      | Reached skill level 5 in Fighting
  3758 | D:3      | Noticed Zeld's ghost (amateur MiBe)
  3781 | D:3      | Mangled by Zeld's ghost

Illustrated notes

Levels and vault maps discovered:
D:1:      minmay_arrival_stone_box, layout_loops_corners,
          ebering_ecumenical_altar_ruins
D:2:      layout_loops_corners, basic_altar, minmay_misc_feat_ornament,
          guppyfry_early_lair_pool
D:3:      layout_rooms, ebering_ghost_sewer_d, kennysheep_potato

Skill      XL: |  1  2  3  4  5 |
---------------+----------------+-----
Fighting       | 4 5 |  5.5
Axes           | 4 5 |  5.5
Armour         | 3 |  3.7
Dodging        | 3 |  3.3

Action                   |  1- 3 |  4- 6 || total
-------------------------+-------+-------++-------
Melee: Hand axe          |    95 |    10 ||   105
       Headbutt          |    10 |    11 ||    21
       War axe           |       |    57 ||    57
       Punch             |       |     1 ||     1
Invok: Berserk           |       |     2 ||     2
 Stab: Sleeping          |     1 |       ||     1
Armor: Animal skin       |    26 |     7 ||    33
Dodge: Dodged            |    78 |    37 ||   115
